cohdb
Replays
Latest Replays
All Replays
Popular Replays
Top Player Replays
Match Explorer
How It Works
Community
CoH3 Stats
Reddit
Sign in to upload your games and track your stats! →
Sign in with Steam
Match 45062538
Unlisted
Match 45062538
Overview
Messages
Build Orders
End
Kradschützen Motorcycle Team
Selects Italian Infantry
Selects Italian Infantry
Panzergrenadier Squad
Panzergrenadier Squad
Construct Light Support Kompanie
Kradschützen Motorcycle Team
Fire Support Elements
Selects Guastatori Squad
Guastatori Squad
Veteran Squad Leaders
Construct Panzerarmee Kommand
Selects Sound the Alarm
Panzer III L Medium Tank
Tungsten Core Ammunition
Rapid Advance
Vehicle Survival Package
Selects Prepared Positions
Armored Reserves
Panzer III L Medium Tank
Emergency Repair Kits
Panzer III L Medium Tank
Advanced Optics
Panzer III L Medium Tank
Walking Stuka Rocket Launcher
Walking Stuka Rocket Launcher
Guastatori Squad
Scarface
Gatom
stediscus
SHEFF
threestars
Josephus
0
0
Comments
sign in to comment!
No comments posted yet!